Map: Ulrena

Players

LindyHop

  • Race: Zerg Zerg
  • League: Platinum

MrSnyder - Winner!

  • Race: Terran Terran
  • League: Platinum

VOD

Have the link to the VOD?

Description

Time

  • Played on: Jan. 16, 2016, 8:59 p.m.
  • Length: 5:11
Show
View Real Time Build Order
Export as new Build Order

LindyHop Zerg 

Build Orders: Hatch First 

Get SALT Encoding   

  12  0:01  Drone  
  13  0:11  Drone  
  14  0:17  Overlord  
  14  0:37  Drone x2  
  14  0:38  Drone  
  17  0:55  Hatchery  
  16  1:01  Extractor  
  15  1:11  Spawning Pool  
  14  1:13  Drone  
  14  1:17  Drone  
  16  1:30  Drone  
  16  1:31  Drone  
  18  1:41  Drone  
  18  1:47  Drone  
  20  1:59  Queen  
  20  2:01  Baneling Nest, Overlord  
  21  2:11  Queen  
  23  2:19  Drone x2  
  23  2:22  Zergling x2  
  26  2:25  Zergling x2  
  27  2:32  Metabolic Boost  
  27  2:50  Zergling x4  
  29  2:54  Overlord, Zergling x6  
  32  3:03  Zergling x2  
  33  3:14  Zergling x2  
  33  3:15  Zergling x6  
  33  3:18  Baneling  
  33  3:19  Baneling x3  
  37  3:22  Zergling x2  
  37  3:23  Zergling x2  
  39  3:29  Baneling  
  39  3:30  Baneling  
  39  3:35  Zergling x6  
  42  3:43  Overlord  
  39  4:00  Overlord  
  39  4:07  Drone x5  
  44  4:28  Drone  
  44  4:29  Drone x2  
  46  4:33  Evolution Chamber  
  46  4:37  Spine Crawler  
  44  4:41  Spine Crawler  
  44  4:44  Zergling x2  
  44  4:45  Zergling x4  
Show
View Real Time Build Order
Export as new Build Order

MrSnyder Terran - Winner!

Build Orders: Hellion Opening 

Get SALT Encoding   

  12  0:00  SCV  
  13  0:13  SCV  
  14  0:25  SCV, Supply Depot  
  15  0:30  Refinery  
  15  0:47  SCV  
  15  0:49  Barracks  
  16  0:59  SCV  
  17  1:09  Barracks  
  17  1:11  SCV  
  18  1:23  SCV  
  19  1:37  Orbital Command  
  19  1:43  Factory  
  19  1:48  Barracks Tech Lab  
  19  1:54  Supply Depot  
  19  1:59  Barracks Reactor  
  19  2:02  SCV  
  20  2:11  Marauder  
  20  2:14  SCV  
  23  2:26  SCV  
  24  2:36  Marauder  
  26  2:40  SCV  
  27  2:45  Hellion x2  
  27  2:48  Barracks Reactor  
  27  2:50  Supply Depot  
  31  2:53  Supply Depot  
  30  3:06  Concussive Shells  
  30  3:10  SCV  
  30  3:12  Hellion x2, Marauder  
  37  3:20  Supply Depot  
  37  3:24  Supply Depot, Marine  
  37  3:25  Marine  
  39  3:33  Hellion  
  41  3:36  Hellion  
  41  3:39  Marine  
  44  3:43  Marine x2  
  46  4:01  Hellion x2, Marine x2  
  52  4:06  Supply Depot  
  52  4:13  SCV  
  53  4:17  Supply Depot  
  53  4:19  Supply Depot  
  53  4:20  Marine  
  54  4:25  SCV  
  54  4:30  Barracks Tech Lab  
  55  4:39  Armory, Marine  
  55  4:40  Marine  
Tags
 
Add a new tag
Caveats
  • Supply blocks, unpowered buildings, or Contaminate may cause inaccurate times.
  • Supply counts are checked every 10 seconds.